 Dungeon Crawl Stone Soup version 0.26.1-11-gd32895ea62 (webtiles) character file.

Game seed: 2443775502734977491

3685 summerfriday the Frost Mage (level 10, -3/69 (74) HPs)
             Began as a Gnoll Ice Elementalist on July 2, 2021.
             Was a Believer of Cheibriados.
             Slain by a wight
             ... wielding a cursed +0 halberd
              (7 damage)
             ... on level 9 of the Dungeon.
             The game lasted 00:12:42 (7903 turns).

summerfriday the Frost Mage (GnIE)                  Turns: 7903, Time: 00:12:43

HP:   -3/69 (74)    AC:  7    Str: 20    XL:     10   Next: 13%
MP:   5/11          EV: 17    Int: 26    God:    Cheibriados [**....]
Gold: 167           SH:  0    Dex: 19    Spells: 12/23 levels left

rFire    + . .     SeeInvis .   m - +2 flail (vorpal)
rCold    + + .     Faith    .   (no shield)
rNeg     . . .     Spirit   .   e - +3 leather armour
rPois    +         Reflect  .   q - +0 helmet
rElec    +         Harm     .   (no cloak)
rCorr    +         Rampage  .   (no gloves)
Will     +++..                  (no boots)
Stlth    +++++.....             n - amulet "Veruylit" {rC+ Will++ Regen+ MP-9 Stlth+}
HPRegen  0.61/turn              b - ring of willpower
MPRegen  0.12/turn              j - ring of stealth

@: resistant, frozen ramparts, drained, very slow
A: distributed training, fangs 1, clever 1, strong 2, strong nose
a: Renounce Religion, Bend Time


You were on level 9 of the Dungeon.
You worshipped Cheibriados.
Cheibriados was pleased with you.
You visited 2 branches of the dungeon, and saw 10 of its levels.

You collected 384 gold pieces.
You spent 217 gold pieces at shops.

Inventory:

Hand Weapons
 m - a +2 vorpal flail (weapon)
Missiles
 h - 61 poisoned darts
 w - a throwing net
 z - 3 javelins
Armour
 e - a +3 leather armour (worn)
 p - a +0 buckler
 q - a +0 helmet (worn)
Jewellery
 b - a ring of willpower (left hand)
 j - a ring of stealth (right hand)
 l - an uncursed ring of stealth
 n - the amulet "Veruylit" (around neck) {rC+ Will++ Regen+ MP-9 Stlth+}
   (You found it on level 4 of the Dungeon)

   [amulet of regeneration]

   It protects you from cold.
   It affects your willpower, your defense against some magical effects.
   It affects your magic capacity (-9).
   It increases your rate of regeneration.
   It makes you more stealthy.
 y - a +6 ring of intelligence {unknown}
Wands
 s - a wand of polymorph (6)
Scrolls
 a - 3 scrolls of identify
 d - a scroll of amnesia
 f - 4 scrolls of remove curse
 g - a scroll of fear
 r - 4 scrolls of teleportation
 t - a scroll of enchant armour
 u - 2 scrolls of noise
Potions
 c - 4 potions of curing
 k - a potion of cancellation
 v - a potion of lignification
 x - a potion of resistance


   Skills:
 + Level 5.0 Fighting
 + Level 5.0 Short Blades
 + Level 5.0 Long Blades
 + Level 5.0 Axes
 + Level 5.0 Maces & Flails
 + Level 5.0 Polearms
 + Level 5.0 Staves
 + Level 5.0 Slings
 + Level 5.0 Bows
 + Level 5.0 Crossbows
 + Level 5.0 Throwing
 + Level 5.0 Armour
 + Level 6.8 Dodging
 + Level 6.6 Stealth
 + Level 5.0 Shields
 + Level 5.0 Unarmed Combat
 + Level 7.1 Spellcasting
 + Level 4.1 Conjurations
 + Level 4.1 Hexes
 + Level 4.1 Summonings
 + Level 4.1 Necromancy
 + Level 4.1 Translocations
 + Level 4.1 Transmutations
 + Level 4.1 Fire Magic
 + Level 8.3 Ice Magic
 + Level 4.1 Air Magic
 + Level 4.1 Earth Magic
 + Level 4.1 Poison Magic
 + Level 5.4 Invocations
 + Level 5.0 Evocations


You had 12 spell levels left.
You knew the following spells:

 Your Spells              Type           Power        Failure   Level
a - Freeze                Ice            100%         1%          1
b - Frozen Ramparts       Ice            100%         1%          3
c - Ice Form              Ice/Tmut       41%          5%          4
d - Ozocubu's Armour      Ice            51%          1%          3

Your spell library contained the following spells:

 Spells                   Type           Power        Failure   Level
 Beastly Appendage        Tmut           60%          1%          1
 Wereblood                Tmut           30%          1%          2
 Spider Form              Tmut/Pois      15%          3%          3
 Hailstorm                Conj/Ice       41%          5%          4
 Summon Ice Beast         Ice/Summ       41%          5%          4
 Blade Hands              Tmut           15%          34%         5


Dungeon Overview and Level Annotations

Branches:
Dungeon (9/15)             Temple (1/1) D:6            Lair (0/6) D:8
    Orc: D:9-12

Altars:
Ashenzari
Cheibriados
Elyvilon
Fedhas
Gozag
Hepliaklqana
Kikubaaqudgha
Makhleb
Okawaru
Ru
Sif Muna
Trog
Uskayaw
Vehumet
Xom
Zin
The Shining One

Shops:
D:6 ?

Annotations:
D:4 1 runed translucent door
D:8 Gastronok


Innate Abilities, Weirdness & Mutations

Your experience applies equally to all skills.
You have very sharp teeth.
Your uncanny sense of smell can sniff out nearby items.
Your mind is acute. (Int +2)
Your muscles are very strong. (Str +4)


Message History

The wall freezes the wight but does no damage.
The wight misses you.
The wyvern skeleton resists.
The wall freezes the wyvern skeleton.
The wyvern skeleton bites you but does no damage.
You closely miss the wight.
The wight is almost destroyed.
A quasit comes into view.
The wight resists.
The wall freezes the wight.
The wight misses you.
The wyvern skeleton resists.
The wall freezes the wyvern skeleton.
The wyvern skeleton bites you!
* * * LOW HITPOINT WARNING * * *
The wight completely resists.
The wall freezes the wight but does no damage.
The wight hits you from afar with a cursed +0 halberd!
* * * LOW HITPOINT WARNING * * *
The wight resists.
The wall freezes the wight.
The wight hits you but does no damage.
The wight resists.
The wall freezes the wight.
The wight hits you from afar with a cursed +0 halberd!
You die... ............. ........... ......... ....... ..{.. zzz

#Z###
##@z.##
#.†...#
#.....+∆
#.....#
∆
#5....#
'.....#
∆
#.....#
##...##
#...#


You could see 4 wights, a quasit (wandering) and a wyvern skeleton.

Vanquished Creatures
  Grinder (D:3)
  2 wyverns (D:8)
  A wraith (D:8)
  A basilisk (D:8)
  2 water moccasins (D:8)
  A phantom (D:4)
  3 ice beasts
  A black bear (D:6)
  3 necrophages
  2 ogres
  2 centaurs
  6 bullfrogs
  A wyvern zombie (D:8)
  A wight (D:9)
  A bullfrog zombie (D:5)
  2 centaur zombies
  5 howler monkeys
  2 jellies
  2 bullfrog skeletons
  2 hounds
  2 orc priests (D:7)
  3 orc wizards
  3 iguanas
  Natasha (thrice) (D:3)
  5 worker ants
  A killer bee zombie (D:6)
  3 gnolls (D:6)
  5 adders
  2 shadow imps
  3 white imps
  An ufetubus (D:7)
  4 oozes
  2 worms
  6 dart slugs
  9 leopard geckos
  18 orcs
  2 ball pythons
  4 giant cockroaches
  6 goblins
  7 hobgoblins
  2 kobolds
  5 quokkas
  6 bats
  5 frilled lizards
  8 rats
156 creatures vanquished.

Vanquished Creatures (others)
  4 bushes (D:8)
  2 fungi (D:8)
  24 plants (D:8)
30 creatures vanquished.

Grand Total: 186 creatures vanquished

Notes
Turn   | Place    | Note
-------+----------+-------------------------------------------
     0 | D:1      | summerfriday the Gnoll Ice Elementalist began the quest for
                  | the Orb.
     0 | D:1      | Reached XP level 1. HP: 13/13 MP: 6/6
   164 | D:1      | Reached XP level 2. HP: 19/19 MP: 4/7
   596 | D:1      | Reached XP level 3. HP: 24/25 MP: 9/9
   659 | D:1      | Reached skill level 5 in Spellcasting
  1381 | D:2      | Reached skill level 1 in Invocations
  1638 | D:2      | Reached skill level 1 in Fighting
  1638 | D:2      | Reached skill level 1 in Short Blades
  1638 | D:2      | Reached skill level 1 in Long Blades
  1638 | D:2      | Reached skill level 1 in Axes
  1638 | D:2      | Reached skill level 1 in Maces & Flails
  1638 | D:2      | Reached skill level 1 in Polearms
  1638 | D:2      | Reached skill level 1 in Staves
  1638 | D:2      | Reached skill level 1 in Slings
  1638 | D:2      | Reached skill level 1 in Bows
  1638 | D:2      | Reached skill level 1 in Crossbows
  1638 | D:2      | Reached skill level 1 in Throwing
  1638 | D:2      | Reached skill level 1 in Armour
  1638 | D:2      | Reached skill level 1 in Shields
  1638 | D:2      | Reached skill level 1 in Unarmed Combat
  1638 | D:2      | Reached skill level 1 in Evocations
  1898 | D:2      | Noticed an ice beast
  1906 | D:2      | Reached XP level 4. HP: 31/32 MP: 11/11
  1975 | D:1      | Learned a level 3 spell: Frozen Ramparts
  2330 | D:3      | Noticed Grinder
  2448 | D:3      | Noticed Natasha
  2454 | D:3      | Killed Natasha
  2455 | D:3      | Reached skill level 1 in Conjurations
  2455 | D:3      | Reached skill level 1 in Hexes
  2455 | D:3      | Reached skill level 1 in Summonings
  2455 | D:3      | Reached skill level 1 in Necromancy
  2455 | D:3      | Reached skill level 1 in Translocations
  2455 | D:3      | Reached skill level 1 in Transmutations
  2455 | D:3      | Reached skill level 1 in Fire Magic
  2455 | D:3      | Reached skill level 1 in Air Magic
  2455 | D:3      | Reached skill level 1 in Earth Magic
  2455 | D:3      | Reached skill level 1 in Poison Magic
  2542 | D:3      | Reached XP level 5. HP: 29/37 MP: 10/12
  2795 | D:3      | Noticed Natasha
  2801 | D:3      | Killed Natasha
  2882 | D:3      | Learned a level 4 spell: Ice Form
  2904 | D:3      | Noticed Natasha
  2914 | D:3      | Killed Natasha
  3033 | D:3      | Found an ancient bone altar of Kikubaaqudgha.
  3312 | D:3      | Paralysed by Grinder for 5 turns
  3329 | D:3      | Killed Grinder
  3330 | D:3      | Reached skill level 5 in Dodging
  3330 | D:3      | Reached XP level 6. HP: 26/44 MP: 11/14
  3683 | D:4      | Found a runed translucent door.
  3684 | D:4      | Found a white marble altar of Elyvilon.
  3684 | D:4      | Noticed an angel
  3736 | D:4      | Reached XP level 7. HP: 50/50 MP: 11/15
  4052 | D:4      | Got a faintly glowing crystal amulet
  4085 | D:4      | Identified the amulet "Veruylit" {rC+ Will++ Regen+ MP-9
                  | Stlth+} (You found it on level 4 of the Dungeon)
  4272 | D:5      | Entered Level 5 of the Dungeon
  4325 | D:5      | Reached skill level 5 in Stealth
  4440 | D:5      | Reached XP level 8. HP: 58/58 MP: 7/16
  4512 | D:5      | Found a bloodstained altar of Trog.
  4740 | D:5      | Learned a level 3 spell: Ozocubu's Armour
  5187 | D:6      | Found Yhoennine's Magic Scroll Shop.
  5217 | D:6      | Bought a scroll of identify for 30 gold pieces
  5217 | D:6      | Bought a scroll of identify for 30 gold pieces
  5217 | D:6      | Bought a scroll of enchant armour for 112 gold pieces
  5217 | D:6      | Bought a scroll of teleportation for 45 gold pieces
  5635 | D:6      | Found a staircase to the Ecumenical Temple.
  5783 | Temple   | Entered the Ecumenical Temple
  5793 | Temple   | Became a worshipper of Cheibriados the Contemplative
  6269 | D:7      | Reached XP level 9. HP: 61/65 MP: 9/18
  6860 | D:7      | Reached * piety under Cheibriados
  6861 | D:7      | Reached skill level 8 in Ice Magic
  7464 | D:8      | Reached skill level 5 in Invocations
  7623 | D:8      | Reached XP level 10. HP: 64/73 MP: 9/20
  7815 | D:8      | Found a staircase to the Lair.
  7818 | D:8      | Noticed Gastronok
  7887 | D:9      | Reached ** piety under Cheibriados
  7890 | D:9      | Reached skill level 5 in Fighting
  7890 | D:9      | Reached skill level 5 in Short Blades
  7890 | D:9      | Reached skill level 5 in Long Blades
  7890 | D:9      | Reached skill level 5 in Axes
  7890 | D:9      | Reached skill level 5 in Maces & Flails
  7890 | D:9      | Reached skill level 5 in Polearms
  7890 | D:9      | Reached skill level 5 in Staves
  7890 | D:9      | Reached skill level 5 in Slings
  7890 | D:9      | Reached skill level 5 in Bows
  7890 | D:9      | Reached skill level 5 in Crossbows
  7890 | D:9      | Reached skill level 5 in Throwing
  7890 | D:9      | Reached skill level 5 in Armour
  7890 | D:9      | Reached skill level 5 in Shields
  7890 | D:9      | Reached skill level 5 in Unarmed Combat
  7890 | D:9      | Reached skill level 5 in Evocations
  7895 | D:9      | Gained mutation: Your mind is acute. (Int +2) [potion of
                  | mutation]
  7895 | D:9      | Gained mutation: Your muscles are strong. (Str +2) [potion
                  | of mutation]
  7895 | D:9      | Gained mutation: Your muscles are very strong. (Str +4)
                  | [potion of mutation]
  7903 | D:9      | Slain by a wight

Illustrated notes

Levels and vault maps discovered:
D:1:      dpeg_arrival_water_temple_mockup, layout_basic,
          serial_co_window_serial, co_window_corner_a,
          co_window_of_opportunity_a, co_window_paths_b, co_window_cross_1,
          co_window_corner_a, co_window_2corner, co_window_broadway_a,
          co_window_2corner, co_window_4corner_a, glass_columns_b,
          glass_columns_c, glass_columns_a
D:2:      layout_basic
D:3:      layout_basic, kiku_gazebo_pond_becter, uniq_natasha, uniq_grinder
D:4:      layout_loops_ring, lemuel_angel_altar
D:5:      layout_basic, trog_butcher_becter
D:6:      layout_basic, minmay_temple_entry_enclosed_plants, serial_shops,
          shop_scrolls
D:7:      layout_basic
D:8:      layout_loops_cross, minmay_lair_entry_grove, uniq_gastronok
D:9:      kennysheep_spiral_hall, layout_gridville
Temple:   dpeg_three_leaves_temple

Skill      XL: |  1  2  3  4  5  6  7  8  9 10 |
---------------+-------------------------------+-----
Spellcasting   | 5 6 7 |  7.1
Invocations    | 1 2 3 4 5 |  5.4
Fighting       | 1 2 3 4 5 |  5.0
Short Blades   | 1 2 3 4 5 |  5.0
Long Blades    | 1 2 3 4 5 |  5.0
Axes           | 1 2 3 4 5 |  5.0
Maces & Flails | 1 2 3 4 5 |  5.0
Polearms       | 1 2 3 4 5 |  5.0
Staves         | 1 2 3 4 5 |  5.0
Slings         | 1 2 3 4 5 |  5.0
Bows           | 1 2 3 4 5 |  5.0
Crossbows      | 1 2 3 4 5 |  5.0
Throwing       | 1 2 3 4 5 |  5.0
Armour         | 1 2 3 4 5 |  5.0
Shields        | 1 2 3 4 5 |  5.0
Unarmed Combat | 1 2 3 4 5 |  5.0
Evocations     | 1 2 3 4 5 |  5.0
Conjurations   | 1 2 3 4 |  4.1
Hexes          | 1 2 3 4 |  4.1
Summonings     | 1 2 3 4 |  4.1
Necromancy     | 1 2 3 4 |  4.1
Translocations | 1 2 3 4 |  4.1
Transmutations | 1 2 3 4 |  4.1
Fire Magic     | 1 2 3 4 |  4.1
Air Magic      | 1 2 3 4 |  4.1
Earth Magic    | 1 2 3 4 |  4.1
Poison Magic   | 1 2 3 4 |  4.1
Dodging        | 5 6 |  6.8
Stealth        | 5 6 |  6.6
Ice Magic      | 8 |  8.3

Action                   |  1- 3 |  4- 6 |  7- 9 | 10-12 || total
-------------------------+-------+-------+-------+-------++-------
Melee: Unarmed           |    29 |    57 |    25 |       ||   111
       Bite              |     6 |     8 |    27 |     4 ||    45
       Dagger            |    85 |    13 |       |       ||    98
       Flail             |       |       |   266 |    26 ||   292
       Punch             |       |       |     3 |     1 ||     4
 Cast: Freeze            |    47 |    16 |     1 |       ||    64
       Frozen Ramparts   |       |     5 |    14 |     3 ||    22
       Ice Form          |       |     2 |     1 |       ||     3
       Ozocubu's Armour  |       |       |     1 |     1 ||     2
Evoke: Wand              |       |       |       |     2 ||     2
  Use: Scroll            |     4 |     1 |     6 |     1 ||    12
       Potion            |     4 |       |       |     3 ||     7
 Stab: Sleeping          |     8 |     4 |    32 |     1 ||    45
Armor: Robe              |     8 |       |       |       ||     8
       Skin              |    42 |     2 |     1 |       ||    45
       Leather armour    |    18 |    40 |    82 |    14 ||   154
Dodge: Dodged            |    87 |    71 |   241 |    51 ||   450
